[ AOE2 MATCH · #506639479 ]
UnrankedByzantines vs Malians
Player's team · WIN
Rival team · LOSS
[ REPLAY ANALYSIS · EXTRACTED FROM THE RECORDED GAME ]
Feudal
10:51
Castle
23:43
Imperial
35:42
| APM avg | 70.8 |
| APM peak | 112 |
| eAPM avg | 29.0 |
| Villagers / military | 167 / 76 |
Focus
⚔️ 32.1% · 🌾 67.9%
Archer ×40 · Skirmisher ×14 · Camel Scout ×11 · Spearman ×7 · Monk ×2 · Cavalry Archer ×2
Feudal
10:58
Castle
24:08
Imperial
—
| APM avg | 57.5 |
| APM peak | 130 |
| eAPM avg | 23.5 |
| Villagers / military | 140 / 69 |
Focus
⚔️ 32.0% · 🌾 68.0%
Knight ×27 · Gbeto ×18 · Skirmisher ×11 · Camel Scout ×10 · Militia ×3
Match map
Initial resources + every placement click. Lines = walls · curves = elevation contours. ◆ gold · ⬟ stone · ● berries · ✦ relic · ◌ wall gap
Your base· ✓ Closed at 23:43 · 83t walls · 1 gate(s)
nerob's base· ✓ Closed at 24:08 · 34t walls · no gate
Smoothed initial terrain · ◌ = detected wall gap · hover for details
Inputs per minute
— No soy Masche - - nerob
Build order — No soy Masche
First 150 of 388 actions detected
| 0:01 | Queue | Villager (Male) |
| 0:01 | Queue | Villager (Male) |
| 0:01 | Queue | Villager (Male) |
| 0:02 | Build | House |
| 0:04 | Build | House |
| 0:07 | Queue | Villager (Male) |
| 0:07 | Queue | Villager (Male) |
| 1:24 | Queue | Villager (Male) |
| 1:24 | Queue | Villager (Male) |
| 1:57 | Queue | Villager (Male) |
| 1:58 | Queue | Villager (Male) |
| 2:19 | Queue | Villager (Male) |
| 2:19 | Queue | Villager (Male) |
| 2:25 | Build | Lumber Camp |
| 2:47 | Queue | Villager (Male) |
| 2:47 | Queue | Villager (Male) |
| 3:12 | Queue | Villager (Male) |
| 3:12 | Queue | Villager (Male) |
| 3:36 | Queue | Villager (Male) |
| 3:37 | Queue | Villager (Male) |
| 3:37 | Queue | Villager (Male) |
| 3:54 | Build | House |
| 4:13 | Queue | Villager (Male) |
| 4:14 | Queue | Villager (Male) |
| 4:22 | Queue | Villager (Male) |
| 4:22 | Queue | Villager (Male) |
| 4:26 | Build | Palisade Wall |
| 4:38 | Build | House |
| 4:44 | Build | Palisade Wall |
| 4:46 | Build | Palisade Wall |
| 4:59 | Research | Loom |
| 4:59 | Research | Loom |
| 5:12 | Build | House |
| 5:13 | Build | Palisade Wall |
| 5:19 | Build | Palisade Wall |
| 5:27 | Build | Palisade Wall |
| 5:29 | Build | Palisade Gate |
| 5:31 | Build | Palisade Wall |
| 5:41 | Build | Palisade Wall |
| 5:43 | Queue | Villager (Male) |
| 5:44 | Queue | Villager (Male) |
| 5:46 | Build | Palisade Wall |
| 5:47 | Queue | Villager (Male) |
| 5:47 | Queue | Villager (Male) |
| 6:02 | Queue | Villager (Male) |
| 6:02 | Queue | Villager (Male) |
| 6:06 | Queue | Villager (Male) |
| 6:21 | Queue | Villager (Male) |
| 6:21 | Queue | Villager (Male) |
| 6:34 | Queue | Villager (Male) |
| 6:44 | Queue | Villager (Male) |
| 7:00 | Build | Mill |
| 7:28 | Queue | Villager (Male) |
| 7:28 | Queue | Villager (Male) |
| 7:43 | Queue | Villager (Male) |
| 7:43 | Queue | Villager (Male) |
| 7:49 | Build | Farm |
| 7:54 | Build | Farm |
| 7:55 | Queue | Villager (Male) |
| 8:08 | Queue | Villager (Male) |
| 8:19 | Build | Farm |
| 8:28 | Queue | Villager (Male) |
| 8:41 | Research | Feudal Age |
| 8:42 | Research | Feudal Age |
| 10:04 | Build | Barracks |
| 10:38 | Queue | Villager (Male) |
| 10:51 | Age | Feudal Age |
| 10:57 | Build | House |
| 11:01 | Research | Double-Bit Axe |
| 11:16 | Queue | Villager (Male) |
| 11:24 | Build | Archery Range |
| 11:26 | Queue | Villager (Male) |
| 11:32 | Queue | Spearman |
| 11:36 | Queue | Villager (Male) |
| 11:40 | Build | Palisade Wall |
| 11:42 | Queue | Villager (Male) |
| 11:44 | Build | Farm |
| 11:49 | Queue | Spearman |
| 11:52 | Queue | Villager (Male) |
| 11:57 | Queue | Villager (Male) |
| 12:00 | Build | House |
| 12:06 | Queue | Skirmisher |
| 12:15 | Queue | Skirmisher |
| 12:23 | Queue | Villager (Male) |
| 12:43 | Build | Farm |
| 12:55 | Queue | Villager (Male) |
| 13:05 | Build | House |
| 13:09 | Research | Wheelbarrow |
| 13:09 | Research | Wheelbarrow |
| 13:13 | Queue | Spearman |
| 13:14 | Queue | Skirmisher |
| 13:19 | Queue | Villager (Male) |
| 13:22 | Build | Farm |
| 13:24 | Build | Farm |
| 13:24 | Queue | Villager (Male) |
| 13:40 | Queue | Skirmisher |
| 13:41 | Queue | Spearman |
| 13:45 | Queue | Villager (Male) |
| 13:47 | Queue | Villager (Male) |
| 13:51 | Build | House |
| 13:56 | Build | House |
| 13:57 | Build | House |
| 13:58 | Queue | Villager (Male) |
| 14:11 | Queue | Villager (Male) |
| 14:14 | Queue | Villager (Male) |
| 14:20 | Build | Farm |
| 14:30 | Queue | Villager (Male) |
| 14:32 | Build | Farm |
| 14:36 | Queue | Villager (Male) |
| 14:39 | Build | Palisade Wall |
| 15:05 | Queue | Skirmisher |
| 15:05 | Queue | Skirmisher |
| 15:31 | Build | Mining Camp |
| 15:34 | Queue | Villager (Male) |
| 15:37 | Build | Farm |
| 15:39 | Queue | Skirmisher |
| 15:45 | Queue | Villager (Male) |
| 15:56 | Queue | Villager (Male) |
| 16:00 | Build | Blacksmith |
| 16:04 | Queue | Skirmisher |
| 16:15 | Queue | Skirmisher |
| 16:17 | Queue | Villager (Male) |
| 16:23 | Build | Farm |
| 16:43 | Queue | Villager (Male) |
| 16:47 | Queue | Skirmisher |
| 16:50 | Build | Farm |
| 17:02 | Build | House |
| 17:07 | Research | Fletching |
| 17:07 | Research | Fletching |
| 17:10 | Queue | Villager (Male) |
| 17:13 | Queue | Villager (Male) |
| 17:37 | Build | House |
| 17:58 | Queue | Skirmisher |
| 17:58 | Queue | Skirmisher |
| 18:17 | Queue | Villager (Male) |
| 18:17 | Queue | Villager (Male) |
| 18:18 | Build | Farm |
| 18:22 | Queue | Skirmisher |
| 18:24 | Research | Padded Archer Armor |
| 18:24 | Research | Horse Collar |
| 18:25 | Queue | Villager (Male) |
| 18:36 | Queue | Spearman |
| 18:36 | Queue | Spearman |
| 18:38 | Build | Farm |
| 18:38 | Queue | Villager (Male) |
| 19:03 | Queue | Skirmisher |
| 19:03 | Queue | Spearman |
| 19:04 | Queue | Villager (Male) |
| 19:06 | Queue | Villager (Male) |
| 19:08 | Build | Farm |
Build order — nerob
First 150 of 346 actions detected
| 0:00 | Queue | Villager (Male) |
| 0:01 | Queue | Villager (Male) |
| 0:02 | Build | House |
| 0:03 | Build | House |
| 0:06 | Queue | Villager (Male) |
| 0:10 | Queue | Villager (Male) |
| 1:25 | Queue | Villager (Male) |
| 1:43 | Build | Barracks |
| 1:59 | Queue | Villager (Male) |
| 2:19 | Queue | Villager (Male) |
| 2:19 | Queue | Villager (Male) |
| 2:45 | Queue | Militia |
| 2:48 | Research | Loom |
| 2:57 | Build | House |
| 3:03 | Queue | Militia |
| 3:38 | Queue | Villager (Male) |
| 3:38 | Queue | Villager (Male) |
| 3:56 | Queue | Villager (Male) |
| 4:33 | Queue | Villager (Male) |
| 4:33 | Queue | Villager (Male) |
| 5:01 | Queue | Villager (Male) |
| 5:19 | Queue | Villager (Male) |
| 5:28 | Queue | Villager (Male) |
| 5:28 | Queue | Villager (Male) |
| 5:35 | Queue | Villager (Male) |
| 6:05 | Queue | Villager (Male) |
| 6:06 | Build | Lumber Camp |
| 6:19 | Queue | Villager (Male) |
| 6:44 | Build | House |
| 7:05 | Queue | Villager (Male) |
| 7:28 | Queue | Villager (Male) |
| 7:34 | Build | House |
| 7:41 | Build | Mill |
| 7:49 | Build | Mill |
| 8:29 | Build | Mill |
| 8:48 | Research | Feudal Age |
| 9:27 | Build | Lumber Camp |
| 9:54 | Build | Mining Camp |
| 10:36 | Queue | Villager (Male) |
| 10:44 | Queue | Militia |
| 10:58 | Queue | Villager (Male) |
| 10:58 | Age | Feudal Age |
| 11:16 | Queue | Villager (Male) |
| 11:26 | Build | Archery Range |
| 11:27 | Research | Man-at-Arms (upgrade) |
| 11:29 | Research | Double-Bit Axe |
| 11:44 | Queue | Villager (Male) |
| 12:01 | Queue | Villager (Male) |
| 12:22 | Queue | Villager (Male) |
| 12:25 | Build | Farm |
| 12:27 | Build | Farm |
| 12:40 | Queue | Villager (Male) |
| 12:41 | Queue | Skirmisher |
| 12:54 | Queue | Skirmisher |
| 13:01 | Build | House |
| 13:04 | Build | House |
| 13:07 | Research | Town Watch |
| 13:10 | Queue | Skirmisher |
| 13:16 | Build | Farm |
| 13:17 | Build | Farm |
| 13:21 | Queue | Villager (Male) |
| 13:24 | Build | House |
| 13:26 | Build | Palisade Wall |
| 13:34 | Queue | Skirmisher |
| 13:36 | Queue | Villager (Male) |
| 13:38 | Build | Blacksmith |
| 13:40 | Build | House |
| 13:42 | Build | Palisade Wall |
| 13:54 | Queue | Skirmisher |
| 13:58 | Queue | Villager (Male) |
| 14:09 | Build | Farm |
| 14:19 | Build | House |
| 14:20 | Build | Palisade Wall |
| 14:26 | Queue | Skirmisher |
| 14:32 | Research | Fletching |
| 14:39 | Queue | Skirmisher |
| 14:42 | Build | Farm |
| 14:50 | Build | House |
| 14:51 | Build | Palisade Wall |
| 14:54 | Queue | Villager (Male) |
| 15:01 | Build | House |
| 15:03 | Build | Palisade Wall |
| 15:04 | Build | Palisade Wall |
| 15:10 | Queue | Villager (Male) |
| 15:11 | Queue | Skirmisher |
| 15:26 | Build | Farm |
| 15:26 | Build | Farm |
| 15:28 | Queue | Skirmisher |
| 15:37 | Queue | Villager (Male) |
| 15:49 | Queue | Villager (Male) |
| 15:51 | Build | House |
| 15:55 | Build | Palisade Wall |
| 15:59 | Queue | Skirmisher |
| 16:19 | Queue | Villager (Male) |
| 16:23 | Build | Farm |
| 16:24 | Build | Farm |
| 16:27 | Queue | Skirmisher |
| 16:37 | Queue | Villager (Male) |
| 16:47 | Queue | Villager (Male) |
| 16:50 | Build | House |
| 17:03 | Queue | Villager (Male) |
| 17:11 | Build | Farm |
| 17:14 | Build | Mining Camp |
| 17:16 | Queue | Villager (Male) |
| 17:23 | Queue | Villager (Male) |
| 17:26 | Build | Farm |
| 17:29 | Build | Farm |
| 17:34 | Build | House |
| 17:36 | Build | Palisade Wall |
| 17:47 | Queue | Villager (Male) |
| 17:55 | Queue | Villager (Male) |
| 18:03 | Queue | Villager (Male) |
| 18:18 | Queue | Villager (Male) |
| 18:23 | Queue | Villager (Male) |
| 18:30 | Queue | Villager (Male) |
| 18:47 | Queue | Villager (Male) |
| 18:51 | Queue | Villager (Male) |
| 18:54 | Build | Farm |
| 18:54 | Build | Farm |
| 18:54 | Build | Farm |
| 18:55 | Build | Farm |
| 18:55 | Build | Farm |
| 18:55 | Build | Farm |
| 19:04 | Queue | Villager (Male) |
| 19:24 | Build | Palisade Wall |
| 19:29 | Build | Market |
| 19:34 | Queue | Villager (Male) |
| 20:06 | Queue | Villager (Male) |
| 20:36 | Research | Scale Mail Armor |
| 20:37 | Queue | Villager (Male) |
| 20:39 | Research | Stone Mining |
| 20:39 | Research | Gold Mining |
| 20:49 | Build | Lumber Camp |
| 20:56 | Research | Horse Collar |
| 21:28 | Research | Castle Age |
| 21:34 | Research | Gold Mining |
| 21:34 | Research | Gold Mining |
| 21:55 | Build | Farm |
| 21:57 | Build | Farm |
| 22:07 | Research | Forging |
| 22:59 | Queue | Villager (Male) |
| 23:39 | Build | Farm |
| 23:52 | Build | Farm |
| 23:54 | Queue | Villager (Male) |
| 23:58 | Queue | Villager (Male) |
| 24:08 | Age | Castle Age |
| 24:12 | Build | Castle |
| 24:14 | Queue | Villager (Male) |
| 24:18 | Build | Town Center |
| 24:23 | Build | Town Center |
Match timeline
| 1:43 | nerob · first_building Barracks |
| 4:26 | No soy Masche · wall_segment Palisade Wall x7 |
| 4:44 | No soy Masche · wall_segment Palisade Wall x5 |
| 4:46 | No soy Masche · wall_segment Palisade Wall x12 |
| 5:13 | No soy Masche · wall_segment Palisade Wall x1 |
| 5:19 | No soy Masche · wall_segment Palisade Wall x5 |
| 5:27 | No soy Masche · wall_segment Palisade Wall x6 |
| 5:31 | No soy Masche · wall_segment Palisade Wall x9 |
| 5:41 | No soy Masche · wall_segment Palisade Wall x2 |
| 5:46 | No soy Masche · wall_segment Palisade Wall x1 |
| 10:04 | No soy Masche · first_building Barracks |
| 10:51 | No soy Masche · age_up feudal |
| 10:58 | nerob · age_up feudal |
| 11:24 | No soy Masche · first_building Archery Range |
| 11:26 | nerob · first_building Archery Range |
| 11:40 | No soy Masche · wall_segment Palisade Wall x1 |
| 13:26 | nerob · wall_segment Palisade Wall x1 |
| 13:42 | nerob · wall_segment Palisade Wall x2 |
| 14:20 | nerob · wall_segment Palisade Wall x8 |
| 14:39 | No soy Masche · wall_segment Palisade Wall x6 |
| 14:51 | nerob · wall_segment Palisade Wall x2 |
| 15:03 | nerob · wall_segment Palisade Wall x5 |
| 15:04 | nerob · wall_segment Palisade Wall x5 |
| 15:55 | nerob · wall_segment Palisade Wall x1 |
| 17:36 | nerob · wall_segment Palisade Wall x9 |
| 19:16 | No soy Masche · wall_segment Palisade Wall x6 |
| 19:20 | No soy Masche · wall_segment Palisade Wall x5 |
| 19:24 | nerob · wall_segment Palisade Wall x1 |
| 20:26 | nerob · first_market_buy 100 food |
| 20:42 | No soy Masche · first_market_buy 100 food |
| 20:57 | No soy Masche · first_building Stable |
| 21:39 | No soy Masche · wall_segment Palisade Wall x7 |
| 22:51 | No soy Masche · wall_segment Palisade Wall x3 |
| 22:57 | No soy Masche · wall_segment Palisade Wall x12 |
| 23:01 | No soy Masche · wall_segment Palisade Wall x1 |
| 23:17 | No soy Masche · wall_segment Palisade Wall x9 |
| 23:43 | No soy Masche · age_up castle |
| 24:08 | nerob · age_up castle |
| 24:12 | nerob · first_building Castle |
| 25:45 | No soy Masche · wall_segment Stone Wall x13 |
| 25:47 | No soy Masche · wall_segment Stone Wall x1 |
| 25:52 | No soy Masche · wall_segment Stone Wall x3 |
| 27:11 | No soy Masche · wall_segment Stone Wall x1 |
| 27:52 | No soy Masche · first_building Monastery |
| 28:08 | nerob · first_building Stable |
| 28:10 | No soy Masche · first_market_sell 100 wood |
| 33:10 | nerob · first_market_sell 100 wood |
| 35:12 | No soy Masche · first_building Castle |
| 35:42 | No soy Masche · age_up imperial |
| 35:56 | nerob · resign |
[ AI ANALYSIS · 1 CREDIT ]
What really happened in this match?
Wolo.gg analyzes every decision: build order, eco, micro, common mistakes by bracket. Personalized analysis on WhatsApp or Discord in 30 seconds.
Civ guide
Byzantines
Perfil
Jugador #2716438